 Dungeon Crawl Stone Soup version 0.30-a0-760-g5a9884bb7c (webtiles) character file.

Game seed: 13462695097430788750

1 Esekla the Sneak (level 1, 0/11 HPs)
             Began as a Vine Stalker Delver on Feb 12, 2023.
             Succumbed to a kobold brigand's curare-tipped dart
             ... on level 6 of the Dungeon.
             The game lasted 00:04:05 (339 turns).

Esekla the Sneak (Vine Stalker Delver)               Turns: 339, Time: 00:04:06

Health: 0/11       AC:  3    Str: 14    XL:     1   Next: 20%
Magic:  0/2        EV: 11    Int: 10    God:
Gold:   29         SH:  0    Dex: 15    Spells: 0/0 levels left

rFire   . . .      SeeInvis .    a - +0 falchion
rCold   . . .      Faith    .    (no shield)
rNeg    . . .      Spirit   +    b - +0 leather armour
rPois   .          Reflect  .    (no helmet)
rElec   .          Harm     .    (no cloak)
rCorr   .          Rampage  .    (no gloves)
Will    .....                    (no boots)
Stlth   +++                      (no amulet)
HPRegen 0.21/turn                (no ring)
MPRegen 0.08/turn                (no ring)

@: lethally poisoned (0 -> -6), hasted and slowed
A: fangs 2, magic shield, antimagic bite, no potion heal 2
a: no special abilities


You were on level 6 of the Dungeon.
You visited 2 branches of the dungeon, and saw 3 of its levels.

You collected 29 gold pieces.

Inventory:

Hand Weapons
 a - a +0 falchion (weapon)
 h - a +0 dagger
Armour
 b - a +0 leather armour (worn)
Wands
 g - a wand of digging (3)
Scrolls
 c - 2 scrolls of fog
 d - a scroll of vulnerability {unknown}
 e - a scroll of fear


   Skills:
 * Level 2.6 Fighting
 * Level 1.8 Long Blades
 + Level 1.5 Dodging
 + Level 6.0 Stealth


You couldn't memorise any spells.
You didn't know any spells.
Your spell library was empty.

Dungeon Overview and Level Annotations

Branches:
Dungeon (6/15)             Temple (1/1) D:5

Altars:
Cheibriados
Dithmenos
Fedhas
Kikubaaqudgha
Qazlal
Trog
Wu Jian
Yredelemnul
Zin
The Shining One
Lugonu


Innate Abilities, Weirdness & Mutations

You have extremely sharp teeth.
When hurt, damage is shared between your health and your magic reserves.
Your bite disrupts and absorbs the magic of your enemies.
Potions cannot restore your health.


Message History

You open the door.
There is an open door here.
Found a stone staircase leading down.
Found 11 gold pieces.
A kobold brigand and 2 kobolds come into view.
The kobold brigand is wielding a +0 club and quivering curare-tipped darts.
Found a dagger.
An orc comes into view. It is wielding a +0 flail.
Found a runed ring mail.
The kobold shouts!
You hear a shout!
A white imp comes into view.
Found a glowing silver altar of Zin.
A bullfrog comes into view.
Press: ? - help, v - describe, . - travel
Here: a bullfrog (wandering, hasn't noticed you)
A glowing silver altar of Zin.
You hit the kobold.
The kobold is moderately wounded.
The kobold hits you with a +0 dagger.
You hit the kobold.
You kill the kobold!
You hit the kobold.
You kill the kobold!
Things that are here:
a +0 short sword; a +0 dagger
h - a +0 dagger You start resting.
Magic restored.
The white imp shouts, "Flee, thou fobbing hell-hated vassal!" 2 orc priests come into view.
The kobold brigand throws a curare-tipped dart.
The curare-tipped dart hits you.
You are poisoned.
You have difficulty breathing.
Ouch! That really hurt!
You feel yourself slow down.
You feel yourself speed up.
* * * LOW HITPOINT WARNING * * *
You feel very sick.
You die...

**#.#...##.#
**, #....#####
** ##...#######
* #.>.......#
###.......#
#.......#
#####.......#
##.........$.#*
#).###@.......*
#.............*
#.5####.####..*
#..#*.....**..*
#..#....K..#,,*
#..#.......#,,*
#......F...[.,*
#..#...o..o#.**
#.)#..5...,*,*


You could see a kobold brigand, a bullfrog (wandering), an orc priest
(wandering), a white imp and an orc (wandering).

Vanquished Creatures
  2 kobolds (D:6)
2 creatures vanquished.

Notes
Turn   | Place    | Note
-------+----------+-------------------------------------------
     0 | D:5      | Esekla the Vine Stalker Delver began the quest for the Orb.
     0 | D:5      | Reached XP level 1. HP: 11/11 MP: 2/2
    11 | D:5      | Noticed a +0 spear
    11 | D:5      | Noticed a +0 falchion
    69 | D:5      | Noticed a phantom
    97 | D:5      | Found a staircase to the Ecumenical Temple.
   107 | Temple   | Entered the Ecumenical Temple
   294 | D:6      | Noticed a kobold brigand
   307 | D:6      | Found a glowing silver altar of Zin.
   307 | D:6      | Noticed a bullfrog
   337 | D:6      | Noticed an orc priest
   337 | D:6      | Noticed an orc priest
   339 | D:6      | Succumbed to a kobold brigand's curare-tipped dart

Illustrated notes

Levels and vault maps discovered:
D:5:      layout_basic, nicolae_uskayaw_en_pointe, temple_fountains,
          guppyfry_early_lair_pool, uniq_grinder, uniq_crazy_yiuf_cottage
D:6:      layout_basic, old_standard_altar, general_overflow_altar,
          amcnicky_mini_pool_medium, uniq_maggie, uniq_blork_the_orc,
          uniq_prince_ribbit1
Temple:   kb_corrupted_temple

Action                     || total
---------------------------++-------
  Melee: Falchion          ||     3
    Use: Scroll            ||     2
         Potion            ||     1

Table legend: (Time is in decaauts)
 A = Elapsed time spent in this place.
 B = Non-inter-level travel time spent in this place.
 C = Inter-level travel time spent in this place.
 D = Time resting spent in this place.
 E = Time spent auto-exploring this place.
 F = Levels seen in this place.
 G = Mean time per level.
                   A        B        C        D        E       F      G
               +--------+--------+--------+--------+--------+-----+--------+
         Total |    340 |    321 |     19 |      3 |     64 |   3 |  113.3 |
       Dungeon |    221 |    221 |      0 |      3 |      0 |   2 |  110.5 |
        Temple |    118 |     99 |     19 |      0 |     64 |   1 |  118.0 |
               +--------+--------+--------+--------+--------+-----+--------+

Top non-repeatable levels by time:
     D:5: 132 daAuts
  Temple: 118 daAuts
     D:6: 89 daAuts
